 Dungeon Crawl Stone Soup version 0.30.0 (webtiles) character file.

Game seed: 8266664403164330677

186 lotuscutter the Chopper (level 5, 0/47 HPs)
             Began as a Hill Orc Monk on Sept 27, 2023.
             Was a Believer of Beogh.
             Slain by an orc priest
             ... wielding a +0 mace
              (7 damage)
             ... on level 3 of the Dungeon on Oct 13, 2023.
             The game lasted 00:07:53 (2483 turns).

lotuscutter the Chopper (Hill Orc Monk)             Turns: 2483, Time: 00:07:54

Health: 0/47       AC:  6    Str: 16    XL:     5   Next: 66%
Magic:  5/5        EV: 11    Int: 10    God:    Beogh [**....]
Gold:   183        SH:  3    Dex: 13    Spells: 4/4 levels left

rFire   . . .        q - +0 war axe
rCold   . . .        m - +0 buckler
rNeg    . . .        k - +0 ring mail
rPois   .            o - +0 helmet
rElec   .            (no cloak)
rCorr   .            (no gloves)
SInv    .            (no boots)
Will    .....        (no amulet)
Stlth   +            (no ring)
HPRegen 0.27/turn    (no ring)
MPRegen 0.09/turn

%: no passive effects
@: no status effects
A: no striking features
a: Renounce Religion, Smiting


You were on level 3 of the Dungeon.
You worshipped Beogh.
Beogh was pleased with you.
You visited 1 branch of the dungeon, and saw 3 of its levels.

You collected 183 gold pieces.

Inventory:

Hand Weapons
 q - a +0 war axe (weapon)
Missiles
 e - 24 stones (quivered)
 f - 5 poisoned darts
Armour
 d - an orb of light
 k - a +0 ring mail (worn)
 m - a +0 buckler (worn)
 o - a +0 helmet (worn)
Wands
 b - a wand of roots (2)
Scrolls
 a - a scroll of enchant weapon {unknown}
 h - a scroll of teleportation {unknown}
 i - a scroll of enchant armour {unknown}
 l - 4 scrolls of identify {unknown}
 n - a scroll of magic mapping {unknown}
 p - a scroll of immolation {unknown}
 r - a scroll of blinking {unknown}
Potions
 c - 2 potions of ambrosia
 g - 2 potions of heal wounds {unknown}
 j - a potion of mutation {unknown}


   Skills:
 + Level 4.7 Fighting
 * Level 6.5 Axes
 + Level 1.1 Armour
 + Level 3.0 Dodging
 + Level 0.2 Shields


You had 4 spell levels left.
You didn't know any spells.
Your spell library contained the following spells:

 Spells                   Type           Power      Damage    Failure   Level
 Blink                    Tloc           0%         N/A       82%         2
 Lesser Beckoning         Tloc           0%         N/A       82%         2
 Momentum Strike          Conj/Tloc      0%         3d8       82%         2


Dungeon Overview and Level Annotations

Branches:
Dungeon (3/15)

Altars:
Kikubaaqudgha


Message History

You block the orc priest's attack.
The orc priest looks braver for a moment.
Found a stone staircase leading down.
There is a stone staircase leading up here.
You barely miss the orc priest. You hit the orc priest. You slash the orc!
You kill the orc!
Beogh accepts your kill.
The orc priest hits you with a +0 dagger.
The orc priest hits you but does no damage.
You closely miss the orc priest. You hit the orc priest.
You hit the orc priest but do no damage.
The orc priest hits you with a +0 hand axe!
The orc priest hits you with a +0 dagger.
The orc priest barely misses you.
You slash the orc priest!
The orc priest is almost dead.
You hit the orc priest but do no damage.
You barely miss the orc priest.
The orc priest invokes the aid of Beogh against you.
Pain shoots through your body!
The orc priest hits you but does no damage.
The orc priest hits you with a +0 mace.
You barely miss the orc priest.
The orc priest is almost dead.
You hit the orc priest. You barely miss the orc priest.
The orc priest hits you with a +0 hand axe.
The orc priest closely misses you.
The orc priest mumbles some strange prayers to Beogh against you.
Beogh smites you!
The orc priest calls down the wrath of Beogh upon you.
Pain shoots through your body!
* * * LOW HITPOINT WARNING * * *
The orc priest hits you with a +0 hand axe.
* * * LOW HITPOINT WARNING * * *
The orc priest hits you with a +0 dagger.
* * * LOW HITPOINT WARNING * * *
The orc priest barely misses you. The orc priest closely misses you.
The orc priest hits you with a +0 mace!
You die...
Beogh appreciates the orc priest's killing of a heretic priest.

## #. ##
#. #.##
#.#o..####
#.@oo....+
#.#o..####
#. #.## ..
..# ##. .#
#> .# #. #
#.


You could see 3 orc priests and an orc.

Vanquished Creatures
  A scorpion (D:2)
  An orc priest (D:2)
  Robin (D:2)
  2 adders (D:2)
  A gnoll (D:1)
  A worm (D:2)
  2 orcs
  11 ball pythons
  3 endoplasms
  A giant cockroach (D:2)
  11 goblins
  13 hobgoblins
  9 jackals
  4 kobolds (D:1)
  A quokka (D:1)
  7 bats
  A frilled lizard (D:2)
  4 rats
74 creatures vanquished.

Vanquished Creatures (others)
  An orc priest (D:2)
  2 orcs (D:2)
  12 fungi (D:2)
15 creatures vanquished.

Grand Total: 89 creatures vanquished

Notes
Turn   | Place    | Note
-------+----------+-------------------------------------------
     0 | D:1      | lotuscutter the Hill Orc Monk began the quest for the Orb.
     0 | D:1      | Reached XP level 1. HP: 19/19 MP: 1/1
    93 | D:1      | Reached XP level 2. HP: 17/27 MP: 2/2
   185 | D:1      | Reached XP level 3. HP: 16/33 MP: 3/3
   372 | D:1      | Reached skill level 5 in Axes
  1087 | D:2      | Became a worshipper of Beogh the Brigand
  1087 | D:2      | Reached * piety under Beogh
  1087 | D:2      | Reached ** piety under Beogh
  1247 | D:2      | Reached XP level 4. HP: 40/40 MP: 4/4
  1693 | D:2      | Found a faded altar of an unknown god.
  1729 | D:2      | Reached skill level 6 in Axes
  1812 | D:2      | Noticed Robin
  1836 | D:2      | Killed Robin
  1837 | D:2      | Reached XP level 5. HP: 35/47 MP: 5/5
  1964 | D:2      | Reached skill level 1 in Armour
  2336 | D:3      | Found an ancient bone altar of Kikubaaqudgha.
  2483 | D:3      | Slain by an orc priest

Illustrated notes

Levels and vault maps discovered:
D:1:      lemuel_arrival_behind_the_door_small, layout_loops_cross, st_stairs_2,
          minmay_tetromino_t4
D:2:      cheibrodos_pilgrimage, layout_rooms,
          shapermc_ecumenical_altar_mp_vishouse, dreamdust_mushroom_princess,
          uniq_robin, uniq_crazy_yiuf_cottage
D:3:      layout_loops_corners, mainiacjoe_overflow_surrounded_room,
          mainiacjoe_overflow_large_starburst, gammafunk_ghost_grave,
          guppyfry_early_orc_mine, uniq_sigmund

Skill      XL: |  1  2  3  4  5 |
---------------+----------------+-----
Fighting       | 4 |  4.7
Axes           | 5 6 |  6.5
Dodging        | 3 |  3.0
Armour         | 1 |  1.1
Shields        | |  0.2

Action                     |  1- 3 |  4- 6 || total
---------------------------+-------+-------++-------
  Melee: Hand axe          |   103 |   157 ||   260
         War axe           |       |    12 ||    12
  Throw: Stone             |       |     1 ||     1
 Invoke: Convert to Beogh  |     1 |       ||     1
    Use: Potion            |       |     2 ||     2
 Armour: Robe              |    14 |       ||    14
         Ring mail         |    11 |    49 ||    60
  Dodge: Dodged            |    58 |    73 ||   131
  Block: Buckler           |       |    17 ||    17
